 Dungeon Crawl Stone Soup version 0.17-a0-1481-gfdcec5c (webtiles) character file.

658 Goblin1989 the Poker (level 7, -4/62 HPs)
             Began as a Minotaur Hunter on July 5, 2015.
             Slain by an ice beast (9 damage)
             ... on level 5 of the Dungeon.
             The game lasted 00:15:33 (5607 turns).

Goblin1989 the Poker (Minotaur Hunter)              Turns: 5607, Time: 00:15:34

Health: -4/62      AC:  6    Str: 17    XL:     7   Next: 30%
Magic:  6/6        EV: 11    Int:  8    God:
Gold:   176        SH:  0    Dex: 12    Spells: 0 memorised, 6 levels left

rFire  . . .     SeeInvis .     q - +0 trident
rCold  . . .     Clarity  .     r - +0 ring mail
rNeg   . . .     SustAt   .     (no shield)
rPois  .         Gourm    .     (helmet restricted)
rElec  .         Spirit   .     (no cloak)
rCorr  .         Warding  .     t - +0 pair of gloves
rMut   .         Stasis   .     (no boots)
MR     .....                    (no amulet)
Stlth  +.........               (no ring)
                                (no ring)

@: not resistant to hostile enchantments, very unstealthy
A: retaliatory headbutt, horns 2
a: no special abilities


You were on level 5 of the Dungeon.
You were hungry.

You visited 1 branch of the dungeon, and saw 5 of its levels.

You collected 176 gold pieces.

Inventory:

Hand weapons
 a - a +1 shortbow
 q - a +0 trident (weapon)
Missiles
 b - 70 arrows (quivered)
Armour
 r - a +0 ring mail (worn)
 t - a +0 pair of gloves (worn)
Jewellery
 j - an uncursed amulet of stasis {unknown}
 y - a +3 ring of evasion {unknown}
Magical devices
 k - a wand of digging (12)
 o - a wand of flame (10)
 w - a wand of slowing (26)
Scrolls
 d - a scroll of magic mapping {unknown}
 f - 2 scrolls of immolation {unknown}
 i - 4 scrolls of identify {unknown}
 m - 2 scrolls of teleportation {unknown}
 u - 2 scrolls of noise {unknown}
 x - a scroll of blinking {unknown}
 B - a scroll of recharging {unknown}
Potions
 c - 3 potions of curing {unknown}
 g - a potion of agility {unknown}
 l - a potion of cancellation {unknown}
 n - a potion of heal wounds {unknown}
 p - a potion of brilliance {unknown}
 s - a potion of might {unknown}
Comestibles
 e - 4 bread rations
 h - 10 fruits
 v - a slice of pizza
 z - a meat ration
 A - a royal jelly


   Skills:
 - Level 5.9 Fighting
 * Level 7.7 Polearms
 - Level 4.3 Bows
 + Level 0.0 Armour
 - Level 2.1 Dodging
 - Level 0.7 Stealth


You had 6 spell levels left.
You didn't know any spells.

Dungeon Overview and Level Annotations

Branches:
Dungeon (5/15)
 Temple: D:4-7

Altars:
Nemelex Xobeh
Sif Muna
Trog
Yredelemnul
The Shining One

Annotations:
D:3 Sigmund


Innate Abilities, Weirdness & Mutations

You reflexively headbutt those who attack you in melee.
You have a pair of horns on your head.


Message History

You barely miss the ice beast. Your headbutt misses the ice beast.
The ice beast is severely wounded.
The ice beast hits you but does no damage.
You barely miss the ice beast.
You headbutt the ice beast, but do no damage.
The ice beast is severely wounded.
The ice beast misses you. You furiously retaliate!
You headbutt the ice beast. You completely miss the ice beast.
The ice beast is severely wounded.
The ice beast hits you but does no damage.
You barely miss the ice beast.
The ice beast is severely wounded.
The ice beast hits you. The ice beast freezes you!
* * * LOW HITPOINT WARNING * * *
You closely miss the ice beast.
The ice beast is severely wounded.
The ice beast hits you.
* * * LOW HITPOINT WARNING * * *
The ice beast freezes you!
You die...

#..#....###...#####..........##.
##....#### #..# ###........#^.
......# #..# ##.......#..
..##..# #..# ###...........
.###..# #..# ##.............
...#..## ##...###....#....####.
#......## ##........####...## ##
##......###..#.Y..### #..# #
##...........###@.# #..# #
#....####....##>..# ##..# #
....## #.........# ####...## ##
...## #.........###.......####.
..## ##...####........#......#.
.รท# ##.(.## ##.(.###..........
.(# ##....# #.........<.###..
.(####.....# #..........####..
...........######......##..#
#...


You could see an ice beast.

Vanquished Creatures
  An ice beast (D:5)
  2 scorpions
  Ijyb (D:2)
  2 orc priests (D:3)
  An iguana (D:4)
  An orc wizard (D:3)
  4 worker ants (D:4)
  A worker ant zombie (D:5)
  11 adders
  An ooze (D:4)
  An adder zombie (D:5)
  4 worms
  3 giant geckos
  8 orcs
  A bat skeleton (D:4)
  16 goblins
  11 hobgoblins
  8 jackals
  4 bats
  A giant cockroach (D:3)
  2 giant newts
  A jackal zombie (D:5)
  12 kobolds
  2 quokkas
  A quokka skeleton (D:4)
  13 rats
113 creatures vanquished.

Notes
Turn   | Place    | Note
--------------------------------------------------------------
     0 | D:1      | Goblin1989 the Minotaur Hunter began the quest for the Orb.
     0 | D:1      | Reached XP level 1. HP: 18/18 MP: 0/0
   194 | D:1      | Reached XP level 2. HP: 23/26 MP: 1/1
   848 | D:2      | Noticed Ijyb
   871 | D:2      | Killed Ijyb
   871 | D:2      | Reached XP level 3. HP: 2/34 MP: 2/2
  1391 | D:2      | Reached skill level 5 in Fighting
  1693 | D:3      | Reached XP level 4. HP: 31/42 MP: 3/3
  2139 | D:3      | Reached skill level 1 in Polearms
  2161 | D:3      | Reached XP level 5. HP: 12/50 MP: 4/4
  2475 | D:3      | Noticed Sigmund
  3356 | D:4      | Reached XP level 6. HP: 49/57 MP: 5/5
  3535 | D:4      | Found a bloodstained altar of Trog.
  3593 | D:4      | Found a deep blue altar of Sif Muna.
  3597 | D:4      | Found a basalt altar of Yredelemnul.
  3601 | D:4      | Found a sparkling altar of Nemelex Xobeh.
  3834 | D:4      | Reached skill level 5 in Polearms
  4087 | D:4      | Found a glowing golden altar of the Shining One.
  4548 | D:4      | Reached skill level 6 in Polearms
  4722 | D:5      | Entered Level 5 of the Dungeon
  5177 | D:5      | Reached skill level 7 in Polearms
  5177 | D:5      | Reached XP level 7. HP: 34/62 MP: 6/6
  5607 | D:5      | Slain by an ice beast

Vault maps used:
D:1:      tarquinn_simple_flora_water_d, roderic_serpentine_path
D:2:      minivault_11, item_on_display_a, uniq_iyjb
D:3:      first_bread, uniq_sigmund
D:4:      minmay_overflow_temple_star_quad, kennysheep_mini_moat,
          kennysheep_little_box
D:5:      minmay_goblin_kobold_castle, amethyst_killhole, serial_park_tiny_1

Action                   |  1- 3 |  4- 6 |  7- 9 || total
-------------------------+-------+-------+-------++-------
Melee: Short sword       |    50 |       |       ||    50
       Club              |    27 |    21 |       ||    48
       Trident           |       |   206 |    44 ||   250
 Fire: Shortbow          |       |     5 |       ||     5
  Eat: Chunk             |     1 |     3 |     1 ||     5
       Bread ration      |     1 |       |       ||     1
       Meat ration       |       |     1 |       ||     1
